 Dungeon Crawl Stone Soup version 0.23.1-37-gaa34b87 (webtiles) character file.

Game seed: 12789485953216479143

97 Borgoz the Skirmisher (level 4, -1/39 (40) HPs)
             Began as a Ghoul Monk on Mar 22, 2019.
             Slain by an orc priest
             ... wielding a +0 club
              (3 damage)
             ... on level 3 of the Dungeon.
             The game lasted 00:03:45 (1824 turns).

Borgoz the Skirmisher (Ghoul Monk)                  Turns: 1824, Time: 00:03:46

HP:   -1/39 (40)    AC:  2    Str: 13 (14) XL:     4   Next: 68%
MP:   3/3           EV: 12    Int:  3 (6)  God:
Gold: 80            SH:  0    Dex:  8 (11) Spells: 3/3 levels left

rFire    . . .     SeeInvis .   a - +0 short sword
rCold    + . .     Gourm    .   (no shield)
rNeg     + + +     Faith    .   b - +0 robe
rPois    ∞         Spirit   .   (no helmet)
rElec    .         Reflect  .   (no cloak)
rCorr    .         Harm     .   (no gloves)
MR       .....                  (no boots)
Stlth    ++........             g - amulet of magic regeneration
HPRegen  0.00/turn              (no ring)
MPRegen  0.33/turn              (no ring)

@: rotting
A: rotting body, claws 1, carnivore, cold resistance 1, negative energy
resistance 3, inhibited regeneration, torment resistance, unbreathing
a: no special abilities


You were on level 3 of the Dungeon.
You were not hungry.

You visited 1 branch of the dungeon, and saw 3 of its levels.

You collected 80 gold pieces.

Inventory:

Hand Weapons
 a - a +0 short sword (weapon)
Armour
 b - a +0 robe (worn)
Jewellery
 g - an amulet of magic regeneration (around neck)
Scrolls
 d - a scroll of enchant armour {unknown}
 e - 4 scrolls of remove curse {unknown}
 f - a scroll of immolation {unknown}
Potions
 j - 3 potions of berserk rage
Comestibles
 c - 5 rations


   Skills:
 + Level 3.8 Fighting
 * Level 3.5 Short Blades
 * Level 1.9 Armour
 + Level 3.1 Dodging
 - Level 2.1 Stealth


You had 3 spell levels left.
You didn't know any spells.
Your spell library was empty.

Dungeon Overview and Level Annotations

Branches:
Dungeon (3/15)

Altars:
Trog


Innate Abilities, Weirdness & Mutations

Your body is rotting away.
You thrive on raw meat.
You are immune to poison.
You have sharp fingernails.
You are carnivorous and can eat meat at any time.
Your flesh is cold resistant. (rC+)
You are immune to negative energy. (rN+++)
You do not regenerate when monsters are visible.
You are immune to unholy pain and torment.
You can survive without breathing.


Message History

The orc priest closely misses you.
The orc hits you from afar with a +0 trident.
You hit the orc priest.
The orc priest is severely wounded.
The orc priest barely misses you. The orc closely misses you.
You hit the orc priest but do no damage.
The orc priest is severely wounded.
The orc priest miscasts a cantrip.
The orc closely misses you.
It was a potion of berserk rage.
You cannot raise a blood rage in your lifeless body.
The orc priest calls down the wrath of Beogh upon you.
Beogh smites you!
* * * LOW HITPOINT WARNING * * *
The orc misses you.
It was a potion of degeneration.
There was something very wrong with that liquid.
You feel weakened.
You feel dopey.
You feel clumsy. The orc priest hits you with a +0 club.
You die...

## .# .# .#
.# ###### o#
#....###.#
####......@o#
.........####
###..$..#
#.###.# # #<#
#.# #.# #..
..#


You could see an orc priest and an orc.

Vanquished Creatures
  Natasha (D:2)
  2 adders
  A worm (D:3)
  2 dart slugs (D:1)
  A leopard gecko (D:3)
  An orc (D:3)
  A ball python (D:1)
  5 giant cockroaches
  6 goblins
  3 hobgoblins (D:1)
  2 jackals (D:1)
  A quokka (D:2)
  7 bats
  3 frilled lizards
  3 kobolds (D:1)
  6 rats
45 creatures vanquished.

Notes
Turn   | Place    | Note
-------+----------+-------------------------------------------
     0 | D:1      | Borgoz the Ghoul Monk began the quest for the Orb.
     0 | D:1      | Reached XP level 1. HP: 19/19 MP: 0/0
   106 | D:1      | Reached XP level 2. HP: 20/26 MP: 1/1
   371 | D:1      | Reached skill level 1 in Armour
   517 | D:1      | Reached XP level 3. HP: 26/31 MP: 2/2
  1544 | D:2      | Noticed Natasha
  1554 | D:2      | Killed Natasha
  1554 | D:2      | Reached XP level 4. HP: 20/40 MP: 3/3
  1626 | D:3      | Found a bloodstained altar of Trog.
  1824 | D:3      | Slain by an orc priest

Skill      XL: |  1  2  3 |
---------------+----------+-----
Short Blades   | 3 |  3.5
Armour         | 1 |  1.9
Dodging        | 3 |  3.1
Fighting       | |  3.8
Stealth        | |  2.1

Action                   |  1- 3 |  4- 6 || total
-------------------------+-------+-------++-------
Melee: Short sword       |   172 |    34 ||   206
  Use: Potion            |     1 |     2 ||     3
 Stab: Sleeping          |     6 |     2 ||     8
  Eat: Chunk             |     6 |     4 ||    10
Armor: Robe              |    36 |     3 ||    39
Dodge: Dodged            |   115 |    31 ||   146
